[Event "Czech Open-Rapid 2022"]
[Site "Pardubice"]
[Date "2022.07.20"]
[Round "3.22"]
[White "Strebkovs, Andrejs"]
[Black "Sosnik, Sebastian"]
[Result "1-0"]
[ECO "A46"]
[WhiteElo "2283"]
[BlackElo "2255"]
[Annotator "TA"]
[PlyCount "69"]
[EventDate "2022.07.20"]
[EventType "swiss"]
[EventCountry "CZE"]
[SourceTitle "playchess.com"]
[Source "ChessBase"]
[SourceQuality "1"]
[TimeControl "1200+10"]

1. d4 Nf6 2. Nf3 c5 3. dxc5 Na6 4. c4 Nxc5 5. Nc3 g6 6. e3 Bg7 7. Be2 O-O 8. O-O b6 9. Nd4 Bb7 {[%emt 0:00:05] E61: King's Indian: Early deviations for White, including Smyslov System.} 10. b3 {[%emt 0:01:36] Recently 10.Bf3 got a lot of attention.} d5 11. cxd5 Nxd5 {[%emt 0:00:07] Black is slightly better.} 12. Bb2 (12. Nxd5 $15 Qxd5 13. Bf3) 12... Nxc3 (12... e5 $1 $17 13. Ndb5 Nxc3 14. Nxc3 e4) 13. Bxc3 $15 e5 14. Nf3 Qe7 15. Rc1 Rfd8 16. Qc2 Ne4 (16... Be4 $15 17. Qb2 Bd3) 17. Bb2 $11 {[%emt 0:01:18] [#]} Rac8 $146 ({Predecessor:} 17... Ng5 18. Nxg5 Qxg5 19. g3 Rac8 20. Qb1 Rxc1 21. Qxc1 Rc8 22. Qb1 h5 23. h4 Qf6 {0-1 (31) Lechtynsky,J (2365)-Stocek,J (2540) Ostrava 2014}) 18. Qb1 Rxc1 19. Qxc1 (19. Rxc1 {is interesting.} Nd2 20. Qc2 Bxf3 21. Bxf3 Nxf3+ 22. gxf3 h5 23. Rd1) 19... Ng5 {[%emt 0:00:10] Hoping for ...Nxf3+.} 20. Rd1 (20. Nxg5 {is interesting.} Qxg5 21. g3 Qf5 22. Qc7) 20... Nxf3+ (20... Rc8 {looks sharper.} 21. Qd2 Nxf3+ 22. Bxf3 Bxf3 23. gxf3 h5) 21. Bxf3 Bxf3 22. Rxd8+ Qxd8 23. gxf3 {[%emt 0:00:02][%mdl 4096] Endgame KQB-KQB} Qg5+ 24. Kf1 h5 25. Qc8+ Kh7 26. Qd7 h4 $2 {[%emt 0:00:09][%mdl 8192] Black cannot hold the game after this.} (26... Qf5 $11 {and Black has nothing to worry.} 27. Qxf5 gxf5) 27. Qxf7 $18 h3 (27... Kh6 $142 28. Qd7 (28. Qxa7 Qf5 $11) 28... Qf5 29. Qxf5 gxf5) 28. Ke2 {[%emt 0:00:07] Active counter play!} Kh6 29. Qe6 Qf5 {[%emt 0:00:44] [#]} (29... Qg2 {was worth a try.} 30. Bxe5 Bxe5) 30. Qxf5 $1 gxf5 31. f4 e4 {[%emt 0:02:35] [#]} 32. Bxg7+ Kxg7 33. f3 Kg6 34. fxe4 fxe4 35. Kf2 {[%emt 0:00:03] Weighted Error Value: White=0.07 (flawless) /Black=0.83} 1-0

[Event "Czech Open-Rapid 2022"]
[Site "Pardubice"]
[Date "2022.07.20"]
[Round "3.23"]
[White "Tichy, Stepan"]
[Black "Kuznecova, Marija"]
[Result "1-0"]
[ECO "A01"]
[WhiteElo "2207"]
[BlackElo "1755"]
[Annotator "TA"]
[PlyCount "99"]
[EventDate "2022.07.20"]
[EventType "swiss"]
[EventCountry "CZE"]
[SourceTitle "playchess.com"]
[Source "ChessBase"]
[SourceQuality "1"]
[TimeControl "1200+10"]

1. b3 Nf6 2. Bb2 g6 3. c4 Bg7 4. g3 O-O 5. Bg2 Nc6 6. Nf3 b6 7. O-O Bb7 8. d3 {[%emt 0:00:44] A05: Réti Opening: 1 Nf3 Nf6.} e6 9. Nbd2 Ne7 10. Rc1 {[%emt 0:00:27] White has an edge.} c5 {[%emt 0:00:18] [#]} 11. d4 $146 ({Predecessor:} 11. Rc2 d5 12. cxd5 Nexd5 13. a3 Rc8 14. Qa1 Qe7 15. Rfc1 Rfd8 16. Nc4 Ne8 17. d4 {1-0 (24) Beelby,M (2335)-Sutterer,R (2235) Los Angeles 1991}) 11... cxd4 12. Bxd4 Re8 13. Qc2 Rc8 14. Qb2 Nc6 15. Bc3 d5 16. e3 Nh5 (16... e5 $11) 17. Bxg7 $16 Nxg7 18. Rfd1 Qe7 19. Ne5 (19. cxd5 $16 exd5 20. Nb1) 19... Nxe5 (19... Qf6 {looks sharper.} 20. Nd3 Qxb2 21. Nxb2 Red8) 20. Qxe5 dxc4 $2 ({Black should try} 20... f6 $14 21. Qb2 Red8) 21. Bxb7 $18 ({And not} 21. bxc4 Bxg2 22. Kxg2 Red8 $11) ({Not} 21. Rxc4 Ba6 $11) (21. Nxc4 Bxg2 22. Kxg2 Red8 $14) 21... Qxb7 22. Nxc4 $2 ({White has to play} 22. Ne4 $18) 22... Rc5 (22... Red8 $11 {keeps the balance.}) 23. Qb2 {[%emt 0:01:31] [#] Strongly threatening Nd6. White is more active.} Qc7 (23... Qb8 $14) 24. Nd2 (24. Nd6 $16 {[%cal Ob2g7] Qxg7+! is the strong threat.} Rxc1 25. Qxc1 Qxc1 26. Rxc1) 24... Rxc1 $1 $11 25. Rxc1 Qb7 26. Qe5 {[%emt 0:00:19] Threatens to win with Ne4.} Rc8 27. Rxc8+ Qxc8 {[%emt 0:00:01][%mdl 4096] Endgame KQN-KQN} 28. Ne4 {[%emt 0:00:03] Black must now prevent Nf6+.} Ne8 29. h4 Qd8 30. Kg2 Qd5 31. Qxd5 exd5 {[%emt 0:00:02] KN-KN} 32. Nc3 Nc7 33. Kf3 Kf8 {[%emt 0:00:05] [#]} (33... f6 $1 $11 {remains equal.}) 34. Kf4 (34. e4 $1 $16) 34... f6 $1 35. e4 dxe4 36. Kxe4 Kf7 $1 37. Nd5 Na6 38. b4 Ke6 39. a3 f5+ 40. Kd4 Kd6 41. h5 gxh5 42. Nf6 Nc7 43. Kc4 {[%emt 0:00:17] Inhibits Nb5.} (43. Nxh5 $11 Nb5+ 44. Kd3) 43... a6 (43... f4 $15) 44. Nxh5 Ne8 45. Kd4 h6 46. f3 b5 47. f4 $2 (47. g4 $11 {and White stays safe.}) 47... Nc7 $4 (47... Ke6 $19 48. Kc5 Kf7) 48. Ng7 $18 {[%emt 0:00:05] White is clearly winning.} h5 49. Nxf5+ Kc6 50. Ng7 {[%emt 0:00:10] Weighted Error Value: White=0.46/Black=0.26 (precise)} 1-0

[Event "Czech Open-Rapid 2022"]
[Site "Pardubice"]
[Date "2022.07.20"]
[Round "3.24"]
[White "Sir, Zbynek"]
[Black "Tesar, Jan"]
[Result "1-0"]
[ECO "B42"]
[WhiteElo "2199"]
[BlackElo "1975"]
[Annotator "TA"]
[PlyCount "57"]
[EventDate "2022.07.20"]
[EventType "swiss"]
[EventCountry "CZE"]
[SourceTitle "playchess.com"]
[Source "ChessBase"]
[SourceQuality "1"]
[TimeControl "1200+10"]

1. e4 c5 2. Nf3 e6 3. d4 cxd4 4. Nxd4 a6 5. Bd3 Qc7 6. O-O Nf6 7. c3 {[%emt 0:00:10] B42: Sicilian: Kan Variation: 5 Bd3.} d6 8. Kh1 Be7 9. f4 {[%emt 0:00:01] The position is equal.} O-O 10. Nd2 Nbd7 {[%emt 0:00:02] Inhibits e5.} 11. Qe1 b6 12. Bc2 Bb7 13. N2f3 {[%emt 0:00:33] [#]} Rfe8 $146 ({Predecessor:} 13... Rfd8 14. Ng5 h6 15. Ngxe6 fxe6 16. Nxe6 Qc6 17. Qg3 Bf8 18. f5 Re8 19. Bxh6 Re7 20. Bb3 Kh8 21. Bg5 Ree8 22. Bxf6 Nxf6 23. Qh4+ {1-0 (23) Uchral,G (1747)-Naran Erdene,N (2100) Murun 2019}) 14. e5 Nd5 {[%emt 0:00:30] [#]} (14... Ng4 $1 $14) 15. Qg3 ({Much weaker is} 15. Qe4 $6 g6 $11) (15. f5 $1 $16 Nxe5 16. fxe6) 15... Nf8 $14 16. Bd2 Rac8 17. Rae1 {[%emt 0:00:09] 0x0.0002deb1bdc2dp-1022s more active pieces.} b5 18. a3 $40 {[%emt 0:02:26][%mdl 128] Black needs to defend precisely.} (18. f5 $16) 18... Red8 (18... dxe5 $14 19. fxe5 (19. Nxe5 Bd6 $11) 19... f5) 19. Qh3 ({White should try} 19. Qg4 $16) 19... Qd7 $2 {[%emt 0:00:52][%mdl 8192] Loses the game.} (19... Nb6 $14) 20. f5 $18 dxe5 $2 (20... exf5 21. Bxf5 Qc7) 21. fxe6 Qd6 22. Nxe5 f6 23. Nf7 Qb6 24. Nxd8 Rxd8 25. Qg4 g6 26. Bh6 {[%emt 0:00:17] Bxf8 is the strong threat.} Qc7 27. Bb3 Kh8 {[%emt 0:02:48] [#]} 28. Nf5 $1 gxf5 (28... Re8 29. Bxd5) 29. Qg7# {Weighted Error Value: White=0.43/Black=0.96} 1-0

[Event "Czech Open-Rapid 2022"]
[Site "Pardubice"]
[Date "2022.07.20"]
[Round "3.25"]
[White "Nespurek, Jan"]
[Black "Schatz, Christian"]
[Result "0-1"]
[ECO "B02"]
[WhiteElo "1571"]
[BlackElo "2137"]
[Annotator "TA"]
[PlyCount "42"]
[EventDate "2022.07.20"]
[EventType "swiss"]
[EventCountry "CZE"]
[SourceTitle "playchess.com"]
[Source "ChessBase"]
[SourceQuality "1"]
[TimeControl "1200+10"]

1. e4 Nf6 2. Nc3 d6 3. Nf3 c5 4. d3 g6 5. Be3 Bg7 6. Be2 {[%emt 0:00:48] B50: Sicilian: 2...d6, Miscellaneous.} Nc6 {[%emt 0:00:04] [#]} 7. e5 $146 (7. O-O $11 {keeps the balance.}) ({Predecessor:} 7. Qd2 Bd7 8. Bh6 Bxh6 9. Qxh6 Qb6 10. O-O-O Be6 11. Ng5 Nd4 12. Nxe6 fxe6 13. h3 O-O-O {0-1 (35) Qashashvili,A (2505)-Perez Leiva,J (2389) Chess.com INT 2022}) 7... Ng4 $17 8. exd6 {[%emt 0:00:27] Black is better.} Nxe3 ({But not} 8... Qxd6 9. Ne4 Qc7 10. Bxc5 $11) (8... exd6 9. Bg5 Nf6 10. h3 $11) 9. d7+ Qxd7 ({Worse is} 9... Bxd7 10. fxe3 O-O 11. O-O $15) 10. fxe3 O-O 11. O-O b6 12. Rb1 Bb7 13. Ne4 h6 ({Black should try} 13... Bh6 14. Qc1 Nd4 $1) 14. Ng3 (14. c3 $142) 14... f5 {[%emt 0:00:37] Black is more active.} ({Better is} 14... Qe6 15. Qd2 Qxa2) 15. c3 Kh7 16. d4 Rad8 17. Qc2 Qe6 18. e4 (18. Qc1 $17) 18... fxe4 ({Less strong is} 18... Qxa2 19. d5 (19. exf5 cxd4 20. fxg6+ Kh8 $11) 19... fxe4 20. dxc6 exf3 21. cxb7 fxe2 22. Qxe2 $11) (18... cxd4 $19 {and Black stays clearly on top. White must now prevent ...f4.} 19. Bb5 f4) 19. Nxe4 Kh8 (19... Qxa2 $2 20. Neg5+ Kh8 21. Qxg6 $18) 20. dxc5 {[%emt 0:01:06] [#]} (20. d5 $17 Qxd5 21. Rbe1) 20... Nb4 $1 $19 21. Neg5 $2 (21. cxb4 Bxe4 22. Qc4 Qxc4 23. Bxc4 Bxb1 24. Rxb1) 21... Qe3+ {Weighted Error Value: White=0.71/Black=0.14 (very precise)} (21... Nxc2 $2 22. Nxe6 Ne3 23. Nxf8 Rxf8 24. Nh4 $18) 0-1

[Event "Czech Open-Rapid 2022"]
[Site "Pardubice"]
[Date "2022.07.20"]
[Round "3.26"]
[White "Freibergs, Andrejs"]
[Black "Vokoun, Jan"]
[Result "1/2-1/2"]
[ECO "A05"]
[WhiteElo "1574"]
[BlackElo "2056"]
[Annotator "TA"]
[PlyCount "98"]
[EventDate "2022.07.20"]
[EventType "swiss"]
[EventCountry "CZE"]
[SourceTitle "playchess.com"]
[Source "ChessBase"]
[SourceQuality "1"]
[TimeControl "1200+10"]

1. Nf3 Nf6 2. b3 c5 3. Bb2 e6 4. g3 b6 5. Bg2 Bb7 6. O-O {[%emt 0:00:02] A05: Réti Opening: 1 Nf3 Nf6.} Qc7 7. c4 Be7 8. d3 {[%emt 0:00:05] White has an edge.} O-O 9. Nbd2 (9. e4 $14 {deserves consideration.}) 9... d5 {[%emt 0:00:21] [#]} 10. Qb1 $146 ({Predecessor:} 10. cxd5 exd5 11. Rc1 Nc6 12. d4 cxd4 13. Nxd4 Qd7 14. Nxc6 Bxc6 15. Nf3 Bb7 16. Ne5 Qe6 17. Nd3 {1-0 (62) Dimitrov,R (2509)-Boev,V (2289) Plovdiv 2020}) 10... d4 11. e3 e5 12. Re1 Nc6 13. exd4 exd4 14. Ng5 Rae8 15. Nge4 (15. Ngf3 $15) 15... Nd7 16. f4 h6 ({Black should try} 16... f5 $17 17. Nf2 g6) 17. Nf3 f5 (17... Nf6 $5 18. Nf2 Bd8 $15) 18. Ned2 {[%emt 0:01:08] [#]} (18. Nf2 $1 $15) 18... g5 $1 $19 19. fxg5 (19. Qd1 $17) 19... hxg5 20. Rxe7 $2 (20. Re6 {was worth a try.} g4 21. Ne1) 20... Rxe7 (20... Nxe7 $2 {perishes.} 21. Nxg5 Bxg2 22. Kxg2 $19) 21. Nxg5 Nce5 {[%emt 0:02:15][%cal Bc6e5,Be5g4,Bg4e3][%mdl 32] And now ...Bxg2 would win.} 22. Ndf3 $2 (22. Bd5+ Bxd5 23. cxd5) 22... Ng4 23. Bc1 Ne3 (23... Re2 $2 24. Bf4 Qc8 25. Bf1 $19) 24. Bxe3 Rxe3 (24... dxe3 $19 {is more deadly.} 25. d4 cxd4 26. Nxd4 Bxg2 27. Kxg2 e2) 25. Qf1 $2 (25. Nh4 $17 {is a better defense.}) 25... Ne5 26. Nh4 Nxd3 27. Bxb7 Qxb7 28. Ng2 {[%emt 0:00:02] Prevents f4.} Qe7 29. Nxe3 dxe3 (29... Qxe3+ $19 30. Kh1 f4) 30. Qxd3 $11 Qxg5 $19 {[%emt 0:00:02][%mdl 4096] Endgame KQR-KQR} 31. Qd5+ Kh7 (31... Kg7 $1 $11) 32. Qd7+ (32. Re1 $16) 32... Kh6 33. Qe6+ ({Not} 33. Qxa7 $2 Qd8 34. Qb7 Qd4 $19) 33... Rf6 $1 34. Qe8 {[%emt 0:00:05] Threatens to win with Rd1.} f4 35. Qh8+ Kg6 36. Qg8+ Kf5 37. Qd5+ Kg4 {[%emt 0:00:15] ...Qxd5 is the strong threat.} 38. Qxg5+ (38. h3+ $11 Kh5 39. Qf3+ Kg6 40. Re1) 38... Kxg5 39. gxf4+ Rxf4 $2 $11 {[%emt 0:00:04] KR-KR} (39... Kf5 $19 40. a4 Ke4) 40. Re1 $2 {[%emt 0:00:01][%mdl 8192] [#]} (40. Rf1 $15 Rg4+ 41. Kh1) 40... Rg4+ $1 $19 41. Kf1 Kf4 42. Re2 Ke4 {[%emt 0:00:27] White must now prevent ...Kd3.} 43. h3 (43. a4 $142 Kd3 44. Rb2) 43... Rh4 44. Rh2 Kf3 {[%emt 0:00:07][%cal Ob6b5] aiming for ...b5!} 45. Ke1 Kg3 $2 (45... a5 $19 {[%cal Ob6b5] Hoping for ...b5!} 46. Rh1 a4 47. Rf1+ Ke4) 46. Rh1 $1 $15 Rd4 {[%emt 0:00:21] ( -> ...Kg2)} 47. Ke2 Kg2 48. Rd1 (48. Rf1 $11) 48... Kxh3 $2 (48... Rxd1 {mates} 49. h4 Rh1 50. Kxe3 Rxh4 51. Ke2 a5 52. Kd3 Kf3 53. Kc3 Rh2 54. b4 axb4+ 55. Kb3 Ke4 56. Ka4 Rxa2+ 57. Kb5 b3 58. Kc6 Ra7 59. Kd6 b2 60. Ke6 b1=Q 61. Kd6 Qa1 62. Kc6 Qf6+ 63. Kb5 Ra5#) 49. Rd3 Kg4 {[%emt 0:00:12] Weighted Error Value: White=0.93/Black=0.84} 1/2-1/2

[Event "Czech Open-Rapid 2022"]
[Site "Pardubice"]
[Date "2022.07.20"]
[Round "3.27"]
[White "Mladek, Richard"]
[Black "Dolensky, Filip"]
[Result "1-0"]
[ECO "E92"]
[WhiteElo "2330"]
[BlackElo "2051"]
[Annotator "TA"]
[PlyCount "63"]
[EventDate "2022.07.20"]
[EventType "swiss"]
[EventCountry "CZE"]
[SourceTitle "playchess.com"]
[Source "ChessBase"]
[SourceQuality "1"]
[TimeControl "1200+10"]

1. d4 d6 2. Nf3 Nf6 3. c4 g6 4. Nc3 Bg7 5. e4 O-O 6. Be2 e5 7. Be3 Nc6 8. d5 Ne7 9. Nd2 Nd7 10. b4 f5 11. f3 f4 12. Bf2 {[%emt 0:00:01] White is more active.} a5 {[%emt 0:00:07] E92: King's Indian: Classical: 6 Be2 e5: 7 dxe5, 7 Be3 and Petrosian System without 7...Nbd7.} (12... c5 $142) 13. a3 $16 c5 14. dxc6 bxc6 (14... Nxc6 $142 15. O-O Nf6) 15. O-O {[%emt 0:00:12] [#]} Qc7 $146 (15... c5 $16) ({Predecessor:} 15... Nf6 16. b5 d5 17. exd5 cxd5 18. c5 Be6 19. Qa4 Kh8 20. Rfc1 g5 21. Rab1 Bf5 {1-0 (40) Petersen,T (1958)-Fjallheim,L (1919) Faroe Islands 2018}) 16. c5 $18 d5 17. exd5 cxd5 {[%emt 0:00:02] [#]} 18. Nxd5 Nxd5 19. Bc4 N7f6 20. Ne4 Kh8 (20... Be6 $142) 21. Bxd5 Rb8 22. Rb1 Bf5 23. Qb3 Rbd8 (23... Rfd8 {was worth a try.}) 24. Nxf6 {[%emt 0:01:24] [#] And now Ne4 would win.} Bxb1 25. Rxb1 {[%emt 0:00:04] Black must now prevent Ne4.} Bxf6 26. Be4 {[%emt 0:00:25] Threatens to win with b5. A strong pair of Bishops.} Be7 27. c6 Rd2 28. b5 {[%emt 0:00:56][%cal Bb4b5,Bb5b6][%mdl 32] Hoping for b6.} Rxf2 29. Kxf2 {[%emt 0:00:07] Strongly threatening b6.} Bc5+ 30. Kf1 {[%emt 0:00:02] b6 is the strong threat.} Rd8 $2 (30... Bb6 31. g4 Qe7) 31. b6 Qd6 32. c7 {[%emt 0:00:03] Weighted Error Value: White=0.21 (precise) /Black=0.34} 1-0

[Event "Czech Open-Rapid 2022"]
[Site "Pardubice"]
[Date "2022.07.20"]
[Round "3.28"]
[White "Ptacek, Lubos"]
[Black "Dusek, Vladimir"]
[Result "1-0"]
[ECO "B33"]
[WhiteElo "2049"]
[BlackElo "1596"]
[Annotator "TA"]
[PlyCount "79"]
[EventDate "2022.07.20"]
[EventType "swiss"]
[EventCountry "CZE"]
[SourceTitle "playchess.com"]
[Source "ChessBase"]
[SourceQuality "1"]
[TimeControl "1200+10"]

1. e4 c5 2. Nf3 Nc6 3. d4 cxd4 4. Nxd4 Nf6 5. Nc3 a6 6. Be3 d6 7. Be2 g6 8. O-O Bg7 9. f4 O-O 10. Bf3 Qc7 11. Kh1 Bd7 {[%emt 0:00:47] B73: Sicilian Dragon: Classical System without 9 Nb3.} 12. Qd2 Rad8 13. Rad1 Ng4 $2 {[%emt 0:01:36] [#]} (13... b5 $11) 14. Nd5 $146 ({Predecessor:} 14. Nxc6 bxc6 15. Bd4 Nf6 16. Ne2 c5 17. Bc3 Qb8 18. Ng3 Bb5 19. Be2 Qb7 20. Qe3 Bxe2 21. Qxe2 {½-½ (30) Buldrova,M-Pekarkova,E Plzen 1993}) 14... Qb8 (14... Nxe3 {might work better.} 15. Nxc7 Nxf1 16. Rxf1 Nxd4) 15. Nxc6 bxc6 16. Nxe7+ Kh8 17. Bxg4 Bxg4 18. Nxc6 Qxb2 19. Rb1 ({Resist} 19. Nxd8 Bxd1 20. Rxd1 Rxd8 $18) 19... Qxa2 20. Nxd8 Rxd8 21. e5 (21. f5 $142) 21... d5 22. Ra1 Qc4 23. h3 Bf5 24. c3 Be4 25. Rfe1 Qc8 26. Kh2 f6 $2 (26... Re8 27. Bd4 h5) 27. exf6 Bxf6 28. Bd4 Rf8 (28... Qe6 $142 29. c4 Kg8) 29. Bxf6+ Rxf6 30. Qd4 Qf5 31. g3 {[%emt 0:01:28] [#] White threatens Rxa6 and mate.} Kg7 $2 (31... Kg8 32. Re2 Rc6) 32. Rxa6 Bf3 {Against Re2} 33. Qxf6+ Qxf6 34. Rxf6 Kxf6 {[%emt 0:00:28][%mdl 4096] Endgame KR-KB} 35. Kg1 {[%emt 0:00:23] [#] Strongly threatening Kf2.} g5 36. Kf2 g4 37. Re5 {[%emt 0:00:57] Intending hxg4 and mate.} Bd1 38. Rxd5 Bb3 39. Rb5 Be6 40. hxg4 {[%emt 0:00:13] Black did not feel at home in the position after the opening.  Weighted Error Value: White=0.47/Black=1.35} 1-0

[Event "Czech Open-Rapid 2022"]
[Site "Pardubice"]
[Date "2022.07.20"]
[Round "3.29"]
[White "Maklakova, Naomi"]
[Black "Ibrahim, Emad Eldin"]
[Result "1/2-1/2"]
[ECO "A43"]
[WhiteElo "1548"]
[BlackElo "2028"]
[Annotator "TA"]
[PlyCount "137"]
[EventDate "2022.07.20"]
[EventType "swiss"]
[EventCountry "CZE"]
[SourceTitle "playchess.com"]
[Source "ChessBase"]
[SourceQuality "1"]
[TimeControl "1200+10"]

1. d4 Nf6 2. Nf3 c5 3. d5 b5 4. c4 b4 5. Nbd2 g6 6. e4 d6 $1 7. Bd3 {[%emt 0:00:10] A57: Benko/Volga Gambit.} Bg7 8. O-O O-O 9. Re1 {[%emt 0:00:15] White has an edge.} e5 10. dxe6 (10. a3 $14) 10... Bxe6 $11 11. e5 dxe5 12. Nxe5 {[%emt 0:00:02] [#]} Nc6 $1 13. Nxc6 Qxd3 {[%emt 0:00:02] [#]} 14. Ne5 $146 ({Predecessor:} 14. Nb3 Qxc4 15. Bg5 Qb5 16. Qf3 Nd5 17. Ne7+ Nxe7 18. Bxe7 c4 19. Bxf8 Rxf8 20. Nd2 Bxb2 {0-1 (32) Krug,N (2199)-Wild,R (2176) Bayern 2014}) 14... Qd6 15. Nb3 (15. Ndf3 $15 Qxd1 16. Rxd1) 15... Qxd1 $17 16. Rxd1 Ne4 (16... Rac8 $17) 17. Nd3 $2 (17. Nc6 $1 $15) 17... Rfd8 $19 18. Be3 Bxc4 19. Ndxc5 Nxc5 20. Bxc5 Bxb2 {[%emt 0:00:34] This bishop pair is nice.} 21. Rab1 (21. Rxd8+ {might work better.} Rxd8 22. Re1) 21... Bxb3 $2 (21... Rxd1+ $19 {and Black stays clearly on top.} 22. Rxd1 a5) 22. axb3 a5 {[%emt 0:00:22] Strongly threatening ...Rxd1+.} 23. g3 ({White should try} 23. Rxd8+ Rxd8 24. Bb6) 23... Bc3 $17 24. Rxd8+ Rxd8 {[%emt 0:00:02][%mdl 4096] Endgame KRB-KRB} 25. Bb6 Ra8 26. Bc5 (26. Rd1 $17) 26... f5 27. Kg2 (27. Kf1 $17) 27... Kf7 {[%emt 0:00:09] And now ...a4 would win.} 28. Kf3 Ke6 {[%emt 0:00:22] White must now prevent ...a4.} 29. Rd1 Ra6 {[%emt 0:01:22] Prevents Rd6+. aiming for ...a4.} 30. Ke3 (30. Ke2 $17) 30... Rc6 $1 $19 31. Bf8 (31. Ba7 {was worth a try.}) 31... Bf6 32. Rd3 Be5 33. Bh6 Rc2 34. Bg5 Bd6 35. Rd2 $2 (35. Kf3) 35... Rc3+ 36. Rd3 Bc5+ 37. Ke2 Rxd3 38. Kxd3 Bxf2 {[%emt 0:00:06] KB-KB} 39. Bd8 Bg1 40. h3 Bh2 41. g4 Kd5 $2 ({Better is} 41... Bd6 $19 {Hoping for ...f4.} 42. gxf5+ gxf5 43. Bxa5 Ke5) 42. Bxa5 {[%emt 0:00:12] [#]} (42. gxf5 $1 $15 gxf5 43. Bxa5) 42... Bd6 (42... fxg4 $1 $17 43. hxg4 Bd6) 43. Bb6 $2 (43. gxf5 $15 gxf5 44. Ke3) 43... f4 44. Bf2 Be5 45. Be1 {[%emt 0:01:24] [#]} Bc3 46. Bxc3 (46. Bh4 $19 Bd4 47. Bg5) 46... bxc3 47. Kxc3 {[%emt 0:00:02] K3P-K3P} g5 48. b4 h6 49. Kd3 Kd6 $2 (49... Ke5 {mates} 50. Kc3 Ke4 51. b5 Kd5 52. Kd2 Kc5 53. Ke2 Kxb5 54. Kf1 Kc5 55. Kg2 Kd4 56. Kf3 Ke5 57. Kg2 Ke4 58. Kf2 f3 59. h4 gxh4 60. g5 hxg5 61. Ke1 Ke3 62. Kd1 f2 63. Kc2 Kd4 64. Kd1 f1=Q+ 65. Kc2 Kc4 66. Kd2 Qf2+ 67. Kc1 Kc3 68. Kd1 Qf1#) 50. Kd4 {[%emt 0:00:08] The position is equal.} Kc6 51. Kc4 $1 Kb6 (51... f3 52. Kd3 $18) 52. Kd4 Kb5 (52... Kc6 $5) 53. Kc3 Kb6 54. Kd4 Kb7 55. Kd3 Ka7 56. Kc3 Kb6 57. Kd4 Kb5 (57... Kc6 $5) 58. Kc3 Ka4 59. Kc4 f3 60. Kd3 {[%emt 0:00:03] Threatening mate with Ke3.} Kxb4 $11 {[%emt 0:00:11] K3P-KPP} 61. Ke3 Kc3 62. Kxf3 {[%emt 0:00:05] Ke4 would kill now. KPP-KPP} Kd3 63. Kf2 Kd2 64. Kf3 {[%emt 0:02:37] Intending Ke4 and mate.} Ke1 65. Ke3 Kf1 $1 {[%emt 0:00:17] ( -> ...Kg2)} 66. Kf3 $1 Kg1 67. Kg3 $1 Kh1 68. h4 Kg1 69. h5 {[%emt 0:00:03] Black had all chances to win.  Weighted Error Value: White=0.55/Black=0.33} 1/2-1/2

[Event "Czech Open-Rapid 2022"]
[Site "Pardubice"]
[Date "2022.07.20"]
[Round "3.30"]
[White "Mlejnek, Stanislav"]
[Black "Zdrazil, Tomas"]
[Result "0-1"]
[ECO "B92"]
[WhiteElo "1666"]
[BlackElo "2122"]
[Annotator "TA"]
[PlyCount "54"]
[EventDate "2022.07.20"]
[EventType "swiss"]
[EventCountry "CZE"]
[SourceTitle "playchess.com"]
[Source "ChessBase"]
[SourceQuality "1"]
[TimeControl "1200+10"]

1. e4 c5 2. Nf3 d6 3. d4 cxd4 4. Nxd4 Nf6 5. Nc3 a6 6. Be2 e5 7. Nb3 Be7 8. O-O Be6 9. Be3 O-O 10. f4 exf4 11. Bxf4 {[%emt 0:00:26] 11.Bxf4 is better than 11.Rxf4.} Nc6 12. Nd5 {[%emt 0:00:21] B92: Sicilian Najdorf: 6 Be2.} (12. Qd2 $11) 12... Nxe4 $15 {[%emt 0:04:43] [#]} 13. Nxe7+ $146 ({Predecessor:} 13. Bf3 Bxd5 14. Qxd5 Qb6+ 15. Nd4 Nf6 {0-1 (15) Vollbrecht,L (1883)-Johansson,J (2081) Berlin 2019}) 13... Qxe7 14. Bd3 {[%emt 0:00:54] Black is slightly better.} Bxb3 15. axb3 Rad8 16. Qh5 d5 17. Rae1 g6 18. Qe2 f5 19. c4 Nb4 {[%emt 0:01:21] Black is more active.} 20. Bxe4 (20. cxd5 $17 Nxd3 21. Qxd3) 20... dxe4 $19 ({Resist} 20... Qxe4 21. Qd2 dxc4 22. Qxb4 Qd4+ 23. Be3 $18) 21. Bh6 Rf7 22. Rd1 Rxd1 23. Rxd1 Nd3 24. Qe3 Qd6 {[%emt 0:01:53] ...f4 is the strong threat.} ({Don't take} 24... Nxb2 25. Rd5 Qf6 26. Qa7 $18) 25. Qa7 Rd7 26. Qa8+ $2 (26. h4) 26... Rd8 {[%emt 0:00:04] ( -> ...Qd4+)} 27. Qxb7 {[%emt 0:00:02] [#]} (27. Qa7 $19 f4 28. h4) 27... Qd4+ {[%emt 0:00:04] White did not feel at home in the position after the opening.  Weighted Error Value: White=0.87/Black=0.10 (very precise)} 0-1